 Dungeon Crawl Stone Soup version 0.24-a0-114-g5d539f0 (console) character file.

Game seed: 8992551031572434658

2 Duffy the Chopper (level 1, 0/19 HPs)
             Began as a Naga Gladiator on Feb 15, 2019.
             Slain by a goblin (3 damage)
             ... on level 2 of the Dungeon.
             The game lasted 00:00:06 (50 turns).

Duffy the Chopper (Naga Gladiator)                    Turns: 50, Time: 00:00:07

Health: 0/19       AC:  2    Str: 16    XL:     1   Next: 40%
Magic:  1/1        EV: 10    Int:  8    God:
Gold:   0          SH:  0    Dex: 12    Spells: 0/0 levels left

rFire    . . .     SeeInvis +   a - +0 war axe
rCold    . . .     Gourm    .   (no shield)
rNeg     . . .     Faith    .   b - +0 leather armour
rPois    +         Spirit   .   c - +0 helmet
rElec    .         Reflect  .   (no cloak)
rCorr    .         Harm     .   (no gloves)
MR       .....                  (no barding)
Stlth    +.........             (no amulet)
HPRegen  0.06/turn              (no ring)
MPRegen  0.07/turn              (no ring)

@: very slow
A: large, see invisible, deformed body, poison resistance, slowness 2, slow
metabolism 1, spit poison 1, AC +0
a: Spit Poison


You were on level 2 of the Dungeon.
You were not hungry.

You visited 1 branch of the dungeon, and saw 2 of its levels.

Inventory:

Hand Weapons
 a - a +0 war axe (weapon)
Missiles
 d - 3 throwing nets (quivered)
Armour
 b - a +0 leather armour (worn)
 c - a +0 helmet (worn)
Scrolls
 e - 2 scrolls of identify {unknown}
Comestibles
 f - a ration


   Skills:
 - Level 2.0 Fighting
 + Level 3.2 Axes
 - Level 1.7 Throwing
 - Level 2.4 Dodging


You couldn't memorise any spells.
You didn't know any spells.
Your spell library was empty.

Dungeon Overview and Level Annotations

Branches:
Dungeon (2/15)

Altars:


Innate Abilities, Weirdness & Mutations

You cannot wear boots.
Your serpentine skin is tough. (AC +0)
You have supernaturally acute eyesight. (SInv)
Armour fits poorly on your strangely shaped body.
Your system is resistant to poisons. (rPois)
You cover ground very slowly.
You have a slow metabolism.
You can spit poison.


Message History

You kill the kobold!
You closely miss the bat. You hit the goblin but do no damage.
The bat barely misses you. The goblin hits you. The bat closely misses you.
The goblin barely misses you. The bat barely misses you.
The bat closely misses you. The goblin hits you.
You are too injured to fight recklessly!
Press: ? - help, Shift-Dir - straight line, f - goblin
Aim: a goblin The splash of poison misses the goblin.
You feel slightly more hungry. The bat barely misses you. The goblin hits you.
You closely miss the goblin. You hit the hobgoblin but do no damage.
You hit the bat.
You kill the bat!
The hobgoblin hits you but does no damage.
The goblin closely misses you. The hobgoblin barely misses you.
The goblin closely misses you. x2
You have got your breath back.
You barely miss the hobgoblin. You closely miss the goblin.
The hobgoblin hits you. The goblin barely misses you. The goblin hits you.
You die...

). #..# #<
#..#
#.##...
....##
#...# #.<#
#..#
####gg#
#....@#
#.###....#
# ####.# #


You could see a hobgoblin and a goblin.

Vanquished Creatures
  A goblin (D:1)
  A bat (D:2)
  A kobold (D:2)
3 creatures vanquished.

Notes
Turn   | Place    | Note
-------+----------+-------------------------------------------
     0 | D:1      | Duffy the Naga Gladiator began the quest for the Orb.
     0 | D:1      | Reached XP level 1. HP: 19/19 MP: 1/1
    50 | D:2      | Slain by a goblin

Levels and vault maps discovered:
D:1:      minmay_arrival_hallway, layout_basic, st_stairs_14, hex_intersection
D:2:      layout_loops_ring, lightli_temple_of_fire, okawaru_ov_weapons_minmay,
          grunt_temple_overflow_holy_war, chequers_ecumenical_altar_island,
          grunt_decor_fettered, bloody_trog

Action                   || total
-------------------------++-------
Melee: War axe           ||     5
 Abil: Spit Poison       ||     1
Armor: Leather armour    ||     5
Dodge: Dodged            ||    20

Table legend:
 A = Non-vault XP
 B = Vault XP
 C = Vault XP percentage of total XP
 D = Non-vault monster count
 E = Vault monster count
 F = Vault count percentage of total count
                 A         B        C        D         E       F
            +---------+---------+-------+---------+---------+-------
      Total |       4 |       0 |   0.0 |       3 |       0 |   0.0
            +---------+---------+-------+---------+---------+-------
        D:1 |       2 |       0 |   0.0 |       1 |       0 |   0.0
        D:2 |       2 |       0 |   0.0 |       2 |       0 |   0.0
            +---------+---------+-------+---------+---------+-------
